 Dungeon Crawl Stone Soup version 0.30-a0-626-gd6a5dd7a1f (webtiles) character file.

Game seed: 14619700479377166792

156022 Citaku the Impregnable (level 17, -2/159 HPs)
             Began as a Minotaur Fighter on Jan 11, 2023.
             Was an Initiate of Gozag.
             Slain by a ghost moth (10 damage)
             ... on level 4 of the Spider Nest.
             The game lasted 01:28:07 (36194 turns).

Citaku the Impregnable (Minotaur Fighter)          Turns: 36194, Time: 01:28:07

Health: -2/159     AC: 37    Str: 29 (32) XL:     17   Next: 9%
Magic:  0/16       EV:  8    Int:  3 (5)  God:    Gozag
Gold:   1465       SH: 14    Dex: 13 (17) Spells: 16/16 levels left

rFire   + + +      SeeInvis .    h - +7 war axe "Gacum" {freeze, *Rage rF+++ rCorr Dex+5}
rCold   + + .      Faith    .    E - +2 shield of Resistance {rF++ rC++ Will++}
rNeg    . . .      Spirit   +    u - +4 plate armour {rF+}
rPois   .          Reflect  .    (helmet restricted)
rElec   .          Harm     .    e - scarf {rC+ rF+}
rCorr   +          Rampage  +    L - +3 Mad Mage's Maulers {Infuse+∞ VampMP -Cast}
Will    ++++.      Rage     20%  C - +0 pair of boots Stlth NoCast +
                                 x - amulet "Kuireani" {Spirit Rampage Will+}
HPRegen 0.46/turn                q - +4 ring of protection
MPRegen 0.15/turn                J - ring "Tagidoc" {Fire Str+5}

@: lethally poisoned (-2 -> -31), on berserk cooldown, slowed, very slow
A: horns 2, retaliatory headbutt, iridescent scales 1, fire resistance 1, wild
magic 1
a: Renounce Religion, Potion Petition, Call Merchant, Bribe Branch


You were on level 4 of the Spider Nest.
You worshipped Gozag.
Gozag was most pleased with you.
You visited 5 branches of the dungeon, and saw 27 of its levels.
You also visited: Ossuary and Volcano.

You collected 11624 gold pieces.
You spent 6525 gold pieces at shops.
You paid 3634 gold pieces to Gozag.

Inventory:

Hand Weapons
 h - the +7 war axe "Gacum" (weapon) {freeze, *Rage rF+++ rCorr Dex+5}
   (You found it on level 13 of the Dungeon)

   Dex:       It affects your dexterity (+5).
   rF:        It renders you almost immune to fire.
   *Rage:     It berserks you when you make melee attacks (+20% chance).
   rCorr:     It protects you from acid and corrosion.
Missiles
 s - 8 throwing nets (quivered)
Armour
 e - a scarf of resistance (worn)
 u - a +4 plate armour of fire resistance (worn)
 C - a +0 pair of boots (worn)
 E - the +2 shield of Resistance (worn) {rF++ rC++ Will++}
   (You bought it in a shop on level 2 of the Orcish Mines)

   rF:        It greatly protects you from fire.
   rC:        It greatly protects you from cold.
   Will:      It greatly increases your willpower.
 L - the +3 Mad Mage's Maulers (worn) {Infuse+∞ VampMP -Cast}
   (You acquired it on level 15 of the Dungeon)

   It empowers its wearer's blows with all of their magic.
   Blows struck in melee replenish the wearer's magic.
   -Cast:     It prevents spellcasting.
Jewellery
 q - a +4 ring of protection (left hand)
 x - the amulet "Kuireani" (around neck) {Spirit Rampage Will+}
   (You bought it in a shop on level 5 of the Lair of Beasts)

   [amulet of guardian spirit]

   It causes incoming damage to be divided between your reserves of health and
   magic.
   Rampage:   It bestows one free step when moving towards enemies.
   Will:      It increases your willpower.
 J - the ring "Tagidoc" (right hand) {Fire Str+5}
   (You bought it in a shop on level 5 of the Lair of Beasts)

   [ring of fire]

   It enhances your fire magic.
   Str:       It affects your strength (+5).
   rF:        It protects you from fire.
   rC:        It makes you vulnerable to cold.
Wands
 a - a wand of paralysis (18)
 c - a wand of digging (2)
 r - a wand of mindburst (14)
 t - a wand of roots (19)
 y - a wand of quicksilver (18)
 z - a wand of flame (23)
 B - a wand of polymorph (17)
Scrolls
 d - 6 scrolls of amnesia
 i - a scroll of blinking
 k - 22 scrolls of identify
 m - 11 scrolls of teleportation
 v - 2 scrolls of silence
 w - 5 scrolls of poison
 I - 3 scrolls of fog
 K - 5 scrolls of enchant weapon
Potions
 b - 4 potions of lignification
 g - 13 potions of curing
 j - 5 potions of cancellation
 l - 7 potions of brilliance
 n - 2 potions of magic
 o - 3 potions of resistance
 p - 3 potions of attraction
 A - a potion of invisibility
 D - 3 potions of heal wounds
 F - a potion of ambrosia
 H - 2 potions of flight
Miscellaneous
 G - a tin of tremorstones (2/2)


   Skills:
 + Level 16.5 Fighting
 * Level 22.2 Axes
 * Level 22.3 Armour
 - Level 12.1 Shields


You had 16 spell levels left.
You didn't know any spells.
Your spell library contained the following spells:

 Spells                   Type           Power      Damage    Failure   Level
 Beastly Appendage        Tmut           0%         N/A       99%         1
 Sandblast                Erth           0%         2d4       99%         1
 Ensorcelled Hibernation  Hex/Ice        0%         N/A       100%        2
 Passwall                 Tmut/Erth      0%         N/A       100%        2
 Wereblood                Tmut           0%         N/A       100%        2
 Gell's Gravitas          Tloc           0%         N/A       100%        3
 Ignite Poison            Fire/Tmut/Pois 0%         N/A       100%        3
 Kindle Blastsparks       Fire/Tloc/Air  0%         2d10      100%        3
 Lesser Beckoning         Tloc           0%         N/A       100%        3
 Spider Form              Tmut/Pois      0%         N/A       100%        3
 Stone Arrow              Conj/Erth      0%         3d7       100%        3
 Summon Guardian Golem    Hex/Summ       0%         N/A       100%        3
 Swiftness                Air            0%         N/A       100%        3
 Teleport Other           Tloc           0%         N/A       100%        3
 Petrify                  Tmut/Erth      0%         N/A       100%        4
 Summon Ice Beast         Ice/Summ       0%         N/A       100%        4
 Alistair's Intoxication  Tmut/Pois      0%         N/A       100%        5
 Borgnjor's Vile Clutch   Necr/Erth      0%         N/A       100%        5
 Freezing Cloud           Conj/Ice/Air   0%         6-21      100%        5
 Metabolic Englaciation   Hex/Ice        0%         N/A       100%        5
 Summon Mana Viper        Hex/Summ       0%         N/A       100%        5
 Eringya's Noxious Bog    Tmut/Pois      0%         N/A       100%        6
 Statue Form              Tmut/Erth      0%         N/A       100%        6
 Monstrous Menagerie      Summ           0%         N/A       100%        7
 Orb of Destruction       Conj           0%         9d5       100%        7
 Spellforged Servitor     Conj/Summ      0%         N/A       100%        7


Dungeon Overview and Level Annotations

Branches:
Dungeon (15/15)            Temple (1/1) D:7            Lair (5/5) D:9
  Swamp (0/4) Lair:2       Spider (4/4) Lair:2        Slime (0/5) Lair:5
    Orc (2/2) D:9             Elf (0/3) Orc:2        Depths (0/4) D:15
Ossuary (visited)         Volcano (visited)
 Vaults: D:13-14

Altars:
Ashenzari
Cheibriados
Dithmenos
Elyvilon
Fedhas
Gozag
Hepliaklqana
Kikubaaqudgha
Makhleb
Nemelex Xobeh
Okawaru
Qazlal
Ru
Sif Muna
Trog
Uskayaw
Vehumet
Wu Jian
Xom
Yredelemnul
Zin
The Shining One
Jiyva

Shops:
D:5 (   D:15 ?   Orc:2 ?:*:[=(?*?   Lair:5 =

Portals:
Hell: Lair:5


Innate Abilities, Weirdness & Mutations

You have a pair of horns on your head.
You reflexively headbutt those who attack you in melee.
You are partially covered in iridescent scales. (AC +2)
Your flesh is heat resistant. (rF+)
Your spells are a little harder to cast, but a little more powerful.


Message History

The wolf spider looks frightened!
The broodmother looks frightened!
The jumping spider is unaffected.
The moth of wrath looks frightened!
The demonic crawler looks frightened!
The sun moth is unaffected.
The culicivora is unaffected.
The orb spider looks frightened!
The wolf spider is unaffected.
The tarantella barely misses you. You block the wolf spider's attack.
The wolf spider bites you!
* * * LOW HITPOINT WARNING * * *
You are lethally poisoned!
The wolf spider poisons you!
The jumping spider pounces on you but does no damage.
The jumping spider bites you but does no damage.
You block the culicivora's attack. The tarantella barely misses you.
The wolf spider closely misses you. You furiously retaliate!
You headbutt the wolf spider.
The wolf spider bites you but does no damage.
The tarantella rages.
You block the jumping spider's attack.
The jumping spider bites you but does no damage.
You feel you are being watched by something. x2
Something hits you.
* * * LOW HITPOINT WARNING * * *
You feel weakened. Something hits you.
* * * LOW HITPOINT WARNING * * *
You feel clumsy.
Something stings you but does no damage.
You feel you are being watched by something.
The culicivora barely misses you. You furiously retaliate!
You headbutt the culicivora.
The jumping spider leaps!
The entropy weaver casts a spell at you.
The wolf spider hits you.
* * * LOW HITPOINT WARNING * * *
You block the wolf spider's attack.
The jumping spider pounces on you but does no damage.
The jumping spider bites you.
* * * LOW HITPOINT WARNING * * *
Cornered, the demonic crawler turns to fight!
Something hits you!
You die...
Your body crumbles into a pile of gold.

### ## #s###.#
##..#..# #
##...#..#
##.#...^...#
#..##.....##
#..#{...^^#
##s@sB$#####
#^.sssy..s{##
####sy$s.#s$##
#.#^...^#.#y$.#
#..s..y$###.$.#
$
...^##.°○.#s.##
..###...$^##ys##
.##.###.$.#....#
#...sys$.$...##


You could see a broodmother (berserk), a sun moth (berserk), a ghost moth
(invisible), an entropy weaver, a demonic crawler, 2 wolf spiders, a moth of
wrath (fleeing), an orb spider (fleeing), a culicivora (berserk), 2 jumping
spiders and 2 tarantellas.

Vanquished Creatures
  Arachne (Spider:3)
  Rupert (D:15)
  Jorgrun (D:9)
  Mlioglotl (Spider:3)
  Kirke (Spider:3)
  An orc warlord (D:11)
  A spark wasp (Spider:2)
  2 ettins
  4 entropy weavers
  A fire dragon (D:15)
  3 ogre magi
  17 hydras
  2 catoblepae
  8 centaur warriors
  3 jorogumos
  14 two-headed ogres
  A death knight (D:14)
  7 boulder beetles
  A death scarab (Spider:4)
  A sun demon (Lair:5)
  A tengu warrior (D:14)
  4 pharaoh ants
  A sun moth (Spider:2)
  3 deep trolls
  An orb spider (Spider:1)
  Pikel (D:5)
  A harpy (shapeshifter) (D:14)
  A wizard (Lair:5)
  An orc knight (Orc:1)
  2 deep elf pyromancers
  6 steelbarb worms
  A necromancer (D:15)
  5 manticores
  11 wolf spiders
  10 cyclopes
  18 ugly things
  An orc sorcerer (D:15)
  2 moths of wrath
  14 elephants
  8 black mambas
  9 demonic crawlers
  Maggie (D:7)
  11 cane toads
  3 torpor snails
  2 gargoyles
  3 orange demons
  2 kobold demonologists
  5 unseen horrors
  7 rime drakes
  An efreet (Volcano)
  4 yaktaurs (D:15)
  9 komodo dragons
  A tengu conjurer (D:14)
  A red devil (Lair:5)
  3 ice devils (Lair:5)
  3 meliai (Spider:1)
  2 hellwings
  5 polar bears
  11 trolls
  A hornet (Lair:4)
  A troll (shapeshifter) (D:15)
  Grinder (D:5)
  11 tarantellas
  A wind drake (shapeshifter) (D:15)
  8 dream sheep
  20 blink frogs
  9 slime creatures
  18 jumping spiders
  3 wraiths (D:12)
  15 culicivoras
  Sigmund (D:2)
  12 wyverns
  4 spriggans (Lair:4)
  A vampire (D:10)
  3 fire elementals (Volcano)
  Eustachio (D:6)
  13 basilisks
  51 yaks
  3 hogs (Spider:3)
  56 redbacks
  A warg (Orc:1)
  A swamp worm (Lair:2)
  An acid dragon (D:11)
  23 water moccasins
  5 hell hounds
  2 ice beasts
  20 orc warriors
  2 black bears
  A sky beast (D:7)
  26 ogres
  A centaur (D:8)
  6 wolves
  3 lemures (D:5)
  10 kobold brigands
  20 bullfrogs
  A gnoll sergeant (D:12)
  5 scorpions
  A necrophage (D:8)
  8 wights
  4 howler monkeys
  3 electric eels
  2 centaur zombies (Ossuary)
  2 crimson imps (D:13)
  3 quasits (D:13)
  2 hounds
  12 orc priests
  An iron imp (D:13)
  5 jellies
  Crazy Yiuf (D:5)
  8 hell rats
  4 iguanas
  14 orc wizards
  3 mummies
  9 gnolls
  9 adders
  11 river rats
  7 shadow imps
  8 white imps
  2 ufetubi (D:13)
  2 worms
  A dart slug (D:1)
  41 orcs
  2 bats
  6 endoplasms
  5 giant cockroaches
  3 hobgoblins
  4 quokkas (D:2)
  6 ball pythons
  4 frilled lizards
  2 gnoll zombies (Ossuary)
  7 goblins
  A goblin zombie (Ossuary)
  7 hobgoblin zombies
  29 kobolds
  12 kobold skeletons (D:9)
  7 kobold zombies
  5 orc zombies
  A quokka zombie (D:4)
  7 rats
  A rat zombie (D:4)
  3 bushes (D:2)
  A plant (Lair:2)
883 creatures vanquished.

Vanquished Creatures (collateral kills)
  The ghost of Ananasrisotto the Spear-Bearer, a journeyman MfAr of Jiyva (Lair:4)
  A spriggan berserker (Lair:4)
  A sun moth (Spider:1)
  A steelbarb worm (Spider:1)
  2 moths of wrath (Spider:1)
  A demonic crawler (Spider:1)
  A tarantella (Spider:1)
  A jumping spider (Spider:1)
  A culicivora (Spider:1)
  A spriggan (Lair:4)
  5 redbacks (Spider:1)
16 creatures vanquished.

Vanquished Creatures (others)
  2 humans (Spider:3)
  55 fungi
  65 plants
122 creatures vanquished.

Grand Total: 1021 creatures vanquished

Notes
Turn   | Place    | Note
-------+----------+-------------------------------------------
     0 | D:1      | Citaku the Minotaur Fighter began the quest for the Orb.
     0 | D:1      | Reached XP level 1. HP: 19/19 MP: 0/0
    69 | D:1      | Found a faded altar of an unknown god.
   360 | D:1      | Reached XP level 2. HP: 27/27 MP: 1/1
   701 | D:2      | Noticed Sigmund
   720 | D:2      | Killed Sigmund
   721 | D:2      | Reached skill level 5 in Armour
   721 | D:2      | Reached XP level 3. HP: 4/34 MP: 2/2
   721 | D:2      | Reached XP level 4. HP: 5/41 MP: 3/3
   721 | D:2      | Reached XP level 5. HP: 5/47 MP: 4/4
  1967 | D:3      | Reached XP level 6. HP: 53/53 MP: 5/5
  2469 | D:4      | Reached skill level 5 in Axes
  2588 | D:4      | Found a bloodstained altar of Trog.
  2768 | D:4      | Found a sand-covered staircase.
  2779 | Ossuary  | Entered an ossuary
  2795 | Ossuary  | Reached skill level 5 in Fighting
  2798 | Ossuary  | Reached skill level 5 in Shields
  2850 | Ossuary  | Reached XP level 7. HP: 35/61 MP: 6/6
  3495 | D:5      | Entered Level 5 of the Dungeon
  3551 | D:5      | Found Fuiq's Weapon Shop.
  3571 | D:5      | Noticed Grinder
  3616 | D:5      | Killed Grinder
  3682 | D:5      | Noticed Pikel
  3698 | D:5      | Killed Pikel
  3699 | D:5      | Reached XP level 8. HP: 50/70 MP: 7/7
  4034 | D:5      | Found a runed translucent door.
  4034 | D:5      | Noticed Crazy Yiuf
  4105 | D:5      | Killed Crazy Yiuf
  4988 | D:6      | Found a shimmering blue altar of Sif Muna.
  5103 | D:6      | Reached XP level 9. HP: 78/78 MP: 8/8
  5104 | D:6      | Found an ornate altar of the Wu Jian Council.
  5232 | D:6      | Found a white marble altar of Elyvilon.
  5306 | D:6      | Noticed Eustachio
  5330 | D:6      | Killed Eustachio
  5659 | D:7      | Found a staircase to the Ecumenical Temple.
  5743 | Temple   | Entered the Ecumenical Temple
  5756 | Temple   | Became a worshipper of Gozag Ym Sagoz the Greedy
  5817 | D:7      | Reached skill level 10 in Armour
  5966 | D:7      | Noticed Maggie
  5971 | D:7      | Killed Maggie
  5972 | D:7      | Reached skill level 10 in Axes
  6019 | D:7      | Found a sparkling altar of Nemelex Xobeh.
  6230 | D:8      | Noticed a two-headed ogre
  6239 | D:7      | Killed a two-headed ogre
  6240 | D:7      | Reached XP level 10. HP: 12/88 MP: 9/9
  7477 | D:9      | Found a staircase to the Orcish Mines.
  7699 | D:9      | Found a staircase to the Lair.
  7724 | D:9      | Noticed a two-headed ogre
  7739 | D:9      | Killed a two-headed ogre
  7971 | D:9      | Noticed a cyclops
  7979 | D:9      | Killed a cyclops
  8674 | D:9      | Reached XP level 11. HP: 88/97 MP: 10/10
  8740 | D:9      | Found an ancient bone altar of Kikubaaqudgha.
  8747 | D:9      | Noticed a sixfirhy
  9091 | D:10     | Entered Level 10 of the Dungeon
  9130 | D:10     | Noticed a two-headed ogre
  9143 | D:10     | Killed a two-headed ogre
  9268 | D:10     | Identified the +10 whip of Gallantry {heavy, Dex+2}
 10207 | D:11     | Reached skill level 10 in Fighting
 10617 | D:11     | Reached skill level 10 in Shields
 11103 | D:11     | Noticed a centaur warrior
 11113 | D:11     | Killed a centaur warrior
 11238 | D:11     | Identified the +0 scale mail of Charity {rN+ Will+}
 11239 | D:11     | Identified the +4 flail of Disgust {antimagic, *Slow Fly
                  | rElec Int+6}
 11239 | D:11     | Noticed a centaur warrior
 11263 | D:11     | Noticed a centaur warrior
 11264 | D:11     | Killed a centaur warrior
 11265 | D:11     | Reached XP level 12. HP: 67/107 MP: 0/11
 11267 | D:11     | Noticed a centaur warrior
 11272 | D:11     | Killed a centaur warrior
 11276 | D:11     | Killed a centaur warrior
 11350 | D:11     | Noticed a centaur warrior
 11351 | D:11     | Identified the +3 arbalest of Mourning {drain, Will+ Dex+3}
 11351 | D:11     | Noticed a centaur warrior
 11361 | D:11     | Killed a centaur warrior
 11363 | D:11     | Killed a centaur warrior
 11674 | D:11     | Identified the +0 leather armour "Geelo" {rF+ rC- rCorr
                  | Str+2 Stlth+}
 11683 | D:11     | Noticed an orc warlord
 12010 | D:11     | Killed an orc warlord
 12076 | D:11     | Found an iron altar of Okawaru.
 12289 | D:11     | Noticed a centaur warrior
 12303 | D:11     | Killed a centaur warrior
 13287 | D:12     | Reached skill level 15 in Armour
 13804 | Orc:1    | Entered Level 1 of the Orcish Mines
 13804 | Orc:1    | Noticed Jorgrun
 13935 | D:9      | Killed Jorgrun
 13936 | D:9      | Reached skill level 15 in Axes
 14446 | Orc:1    | Noticed a two-headed ogre
 14454 | Orc:1    | Killed a two-headed ogre
 14594 | Orc:2    | Entered Level 2 of the Orcish Mines
 14844 | Orc:2    | Noticed a two-headed ogre
 14846 | Orc:2    | Reached XP level 13. HP: 78/116 MP: 12/12
 15724 | Orc:2    | Found Zezextiw's Armour Shoppe.
 15725 | Orc:2    | Found Fiacud's Jewellery Emporium.
 15941 | Orc:2    | Found Niplen's Weapon Boutique.
 15946 | Orc:2    | Found Norac's Magic Scroll Shoppe.
 15970 | Orc:2    | Bought a scroll of summoning for 152 gold pieces
 15970 | Orc:2    | Bought a scroll of blinking for 120 gold pieces
 15970 | Orc:2    | Bought a scroll of magic mapping for 120 gold pieces
 15970 | Orc:2    | Bought a scroll of enchant weapon for 120 gold pieces
 15970 | Orc:2    | Bought a scroll of acquirement for 832 gold pieces
 15971 | Orc:2    | Acquired 943 gold pieces
 15979 | Orc:2    | Bought a +1 heavy executioner's axe for 375 gold pieces
 16002 | Orc:2    | Bought a +1 plate armour of fire resistance for 455 gold
                  | pieces
 16036 | Orc:2    | Bought a ring of resist corrosion for 300 gold pieces
 16063 | Orc:2    | Gained mutation: Your spells are a little harder to cast,
                  | but a little more powerful. [potion of mutation]
 16063 | Orc:2    | Gained mutation: You occasionally lose the ability to read
                  | scrolls when taking damage. [potion of mutation]
 16063 | Orc:2    | Gained mutation: Your muscles are strong. (Str +4, Int/Dex
                  | -1) [potion of mutation]
 16064 | Orc:2    | Lost mutation: You occasionally lose the ability to read
                  | scrolls when taking damage. [potion of mutation]
 16064 | Orc:2    | Lost mutation: Your muscles are strong. (Str +4, Int/Dex
                  | -1) [potion of mutation]
 16064 | Orc:2    | Gained mutation: You are partially covered in iridescent
                  | scales. (AC +2) [potion of mutation]
 16064 | Orc:2    | Gained mutation: Your flesh is heat resistant. (rF+)
                  | [potion of mutation]
 16068 | Orc:2    | Bought a scroll of enchant armour for 142 gold pieces
 16068 | Orc:2    | Bought a scroll of fear for 76 gold pieces
 16070 | Orc:2    | Bought a scroll of enchant weapon for 270 gold pieces
 16070 | Orc:2    | Bought a brightly glowing pewter ring for 180 gold pieces
 16070 | Orc:2    | Identified the ring of Cokhlytul {rPois rF+ rC+ Will-
                  | Dex+3} (You bought it in a shop on level 2 of the Orcish
                  | Mines)
 16118 | Orc:2    | Found Seje's General Store.
 16130 | Orc:2    | Found a staircase to the Elven Halls.
 16136 | Orc:2    | Found Lowaen's Book Boutique.
 16237 | Orc:2    | Found Teinu's Magic Scroll Boutique.
 16318 | Orc:2    | Bought a scroll of summoning for 104 gold pieces
 16318 | Orc:2    | Bought a scroll of enchant armour for 82 gold pieces
 16318 | Orc:2    | Bought a scroll of enchant weapon for 82 gold pieces
 16360 | Orc:2    | Found Baudiadu's Book Emporium.
 16382 | Orc:1    | Noticed an ettin
 16393 | Orc:2    | Killed an ettin
 17144 | Orc:1    | You fall into a shaft and drop 1 floor!
 17769 | D:13     | Identified the +7 war axe "Gacum" {freeze, *Rage rF+++
                  | rCorr Dex+5}
 18326 | Orc:2    | Bought the +2 shield of Resistance {rF++ rC++ Will++} for
                  | 916 gold pieces
 18326 | Orc:2    | Found the +2 shield of Resistance {rF++ rC++ Will++}
 18793 | D:14     | Reached XP level 14. HP: 44/127 MP: 13/13
 19706 | D:14     | Found the +12 pair of quick blades "Gyre" and "Gimble"
                  | {protect}
 19872 | D:15     | Entered Level 15 of the Dungeon
 20353 | D:15     | Found a staircase to the Depths.
 20396 | D:15     | Noticed Rupert
 20403 | D:15     | Killed Rupert
 21100 | D:15     | Bought a scroll of identify for 30 gold pieces
 21100 | D:15     | Bought a scroll of identify for 30 gold pieces
 21100 | D:15     | Bought a scroll of identify for 30 gold pieces
 21100 | D:15     | Bought a scroll of enchant weapon for 112 gold pieces
 21273 | Lair:1   | Entered Level 1 of the Lair of Beasts
 21589 | Lair:1   | Reached XP level 15. HP: 138/138 MP: 14/14
 22674 | D:15     | Bought a scroll of acquirement for 780 gold pieces
 22674 | D:15     | Bought a scroll of blinking for 112 gold pieces
 22676 | D:15     | Acquired the +3 Mad Mage's Maulers {Infuse+∞ VampMP -Cast}
 22676 | D:15     | Found the +3 Mad Mage's Maulers {Infuse+∞ VampMP -Cast}
 23273 | Lair:2   | Found a hole to the Spider Nest.
 24194 | Lair:2   | Found a staircase to the Swamp.
 25167 | Lair:3   | Found a dark tunnel.
 25186 | Volcano  | Entered a volcano
 27944 | Lair:4   | Found a transporter.
 27944 | Lair:4   | Noticed Ananasrisotto's ghost (journeyman MfAr)
 27960 | Lair:4   | Found a bloodstained altar of Trog.
 27971 | Lair:4   | Found a transporter.
 28000 | Lair:4   | Killed Ananasrisotto's ghost
 28339 | Lair:5   | Entered Level 5 of the Lair of Beasts
 28350 | Lair:5   | Reached skill level 15 in Fighting
 29639 | Lair:5   | Reached XP level 16. HP: 138/149 MP: 0/15
 29895 | Lair:5   | Found a burning altar of Makhleb.
 30013 | Lair:5   | Found a gateway to Hell.
 30363 | Lair:5   | Found a viscous altar of Jiyva.
 30363 | Lair:5   | Found a staircase to the Slime Pits.
 30745 | Lair:5   | Bought the amulet "Kuireani" {Spirit Rampage Will+} for 553
                  | gold pieces
 30745 | Lair:5   | Bought the ring "Tagidoc" {Fire Str+5} for 552 gold pieces
 30803 | Spider:1 | Entered Level 1 of the Spider Nest
 32595 | Spider:2 | You fall into a shaft and drop 1 floor!
 33903 | Spider:3 | Noticed Mlioglotl
 33911 | Spider:3 | Killed Mlioglotl
 34496 | Spider:3 | Noticed Arachne
 34496 | Spider:3 | Noticed Kirke
 34508 | Spider:3 | Killed Kirke
 34521 | Spider:3 | Killed Arachne
 36099 | Spider:4 | Entered Level 4 of the Spider Nest
 36122 | Spider:4 | Reached XP level 17. HP: 157/159 MP: 1/16
 36194 | Spider:4 | Slain by a ghost moth

Illustrated notes

Levels and vault maps discovered:
D:1:      tarquinn_simple_flora_water_b, layout_loops_ring,
          shapermc_ecumenical_altar_venn
D:2:      layout_rooms, serial_forest, infiniplex_forest_end_2,
          infiniplex_forest_zigzag_2, infiniplex_forest_straight_2,
          infiniplex_forest_end_2, infiniplex_forest_straight_4,
          infiniplex_forest_straight_3, infiniplex_forest_lined_2,
          infiniplex_forest_clump_small, infiniplex_forest_clump_medium,
          minmay_pentomino_v2, uniq_sigmund
D:3:      layout_loops_ring, minmay_misc_feat_rows,
          minmay_fractal_squares_gapless_5
D:4:      layout_gridville, mainiacjoe_overflow_tiny_flanked, enter_ossuary_4
D:5:      layout_rooms, serial_shops, shop, hangedman_decor_clover_reticule,
          minmay_mini_ossuary, uniq_grinder, uniq_pikel, uniq_crazy_yiuf_cottage
D:6:      layout_loops_ring, lemuel_doored_altar, mainiacjoe_overflow_catwalk,
          marbit_many_paths, uniq_eustachio
D:7:      layout_cave_pools, lemuel_coloured_pillars_altar,
          minmay_temple_entry_offerings, dk_rats_in_the_wall, uniq_maggie
D:8:      layout_loops_ring, enter_bailey_8
D:9:      wander_kiku_kobolds, layout_small_grid, due_lair_maze_entry_diamond,
          orc_0_dummy, amethyst_killhole, minmay_crystal_room, minivault_14
D:10:     layout_stronghold
D:11:     evilmike_iron_armoury, layout_cave_pools, serial_park,
          serial_park_square3 [serial_park_minivault_5x5_1],
          serial_park_avenue1, serial_park_tiny_1
D:12:     layout_small_grid
D:13:     kennysheep_tiny_hell, layout_long_grid, erik_vaults_1,
          vehumet_crystals
D:14:     layout_loops_ring, special_room [special_room_mythical_zoo],
          portal_ice_cave_entry_pillars_2
D:15:     hangedman_depths_entry_civil_slaughter, layout_loops_ring,
          nicolae_figureground_pulse, uniq_rupert
Temple:   sentei_temple_godly_chess
Lair:1:   layout_small_grid, chequers_serial_rivers_micro_c, grunt_megastairs_2,
          serial_bayou_shore_b
Lair:2:   layout_chaotic_city, palyth_hydra_swamp_entry, spider_nest_entry_a
Lair:3:   layout_cave_pods, nicolae_volcano_entry_lava_flow, minivault_27,
          kennysheep_abandoned_house, serial_bayou_shore_b
Lair:4:   layout_gridlike, gammafunk_ghost_wrathful_warriors
Lair:5:   evil_forest, layout_cave_shapes, dpeg_slime_entry_enclosed,
          hangedman_lair_unloving_vines
Spider:1: layout_spider_delve
Spider:2: layout_chambers
Spider:3: layout_spider_delve, nicolae_spider_baby_got_redback, uniq_mlioglotl,
          uniq_arachne, uniq_kirke
Spider:4: guppyfry_spider_rune
Orc:1:    layout_caves, nicolae_orc_damp_corner, uniq_jorgrun
Orc:2:    st_orc_open, layout_caves, basic_altar, serial_shops,
          nicolae_shop_hallway_stairs, nicolae_shop_stone, nicolae_square_shop,
          nicolae_shop_trees, david_defended_altar_orc

Skill      XL: |  1  2  3  4  5  6  7  8  9 10 11 12 13 14 15 16 |
---------------+-------------------------------------------------+-----
Fighting       | 4 5 6 8 9 10 11 12 14 15 16 | 16.5
Axes           | 4 5 7 8 10 11 13 15 17 18 20 22 | 22.2
Armour         | 5 6 8 10 12 14 15 17 19 20 22 | 22.3
Shields        | 4 5 6 8 9 10 11 12 | 12.1

Action                   |  1- 3 |  4- 6 |  7- 9 | 10-12 | 13-15 | 16-18 || total
-------------------------+-------+-------+-------+-------+-------+-------++-------
Melee: War axe           |    31 |     3 |       |       |   633 |   303 ||   970
       Headbutt          |     2 |    55 |    44 |    95 |   197 |    67 ||   460
       Halberd           |       |   199 |   172 |       |       |       ||   371
       Battleaxe         |       |       |    42 |   449 |    86 |       ||   577
       Executioner's axe |       |       |       |       |    69 |       ||    69
Throw: Throwing net      |       |       |       |       |     2 |       ||     2
Invok: Call Merchant     |       |       |       |       |     3 |     1 ||     4
Evoke: Wand              |       |       |       |       |     1 |     1 ||     2
  Use: Potion            |     1 |       |    13 |    10 |     6 |     7 ||    37
       Scroll            |       |       |     9 |    10 |    16 |    11 ||    46
 Stab: Distracted        |       |       |       |     4 |    10 |     4 ||    18
       Petrified         |       |       |       |       |     8 |       ||     8
       Petrifying        |       |       |       |       |     2 |       ||     2
       Fleeing           |       |       |       |       |       |     1 ||     1
Armor: Scale mail        |    13 |     9 |       |       |       |       ||    22
       Chain mail        |       |   186 |   210 |   154 |       |       ||   550
       Plate armour      |       |       |       |   468 |   591 |   447 ||  1506
Dodge: Dodged            |    13 |   126 |   111 |   199 |   282 |   139 ||   870
Block: Buckler           |     9 |       |       |       |       |       ||     9
       Kite shield       |       |       |       |       |   495 |   322 ||   817

Table legend: (Time is in decaauts)
 A = Elapsed time spent in this place.
 B = Non-inter-level travel time spent in this place.
 C = Inter-level travel time spent in this place.
 D = Time resting spent in this place.
 E = Time spent auto-exploring this place.
 F = Levels seen in this place.
 G = Mean time per level.
                   A        B        C        D        E       F      G
               +--------+--------+--------+--------+--------+-----+--------+
         Total |  36906 |  35745 |   1161 |   3543 |  22920 |  29 | 1272.6 |
       Dungeon |  18475 |  17545 |    930 |   2676 |   9839 |  15 | 1231.7 |
        Temple |     18 |     18 |      0 |      0 |      0 |   1 |   18.0 |
          Lair |   9021 |   8907 |    114 |    660 |   6582 |   5 | 1804.2 |
   Spider Nest |   5581 |   5534 |     47 |      5 |   4478 |   4 | 1395.2 |
  Orcish Mines |   3268 |   3200 |     68 |    175 |   1822 |   2 | 1634.0 |
       Ossuary |    224 |    224 |      0 |      0 |    128 |   1 |  224.0 |
       Volcano |    315 |    315 |      0 |     27 |     70 |   1 |  315.0 |
               +--------+--------+--------+--------+--------+-----+--------+

Top non-repeatable levels by time:
    D:11: 2540 daAuts
     D:9: 2428 daAuts
Spider:3: 2352 daAuts
  Lair:5: 2249 daAuts
  Lair:2: 1976 daAuts
Spider:2: 1863 daAuts
  Lair:3: 1860 daAuts
  Lair:4: 1829 daAuts
   Orc:2: 1733 daAuts
    D:14: 1648 daAuts
    D:12: 1557 daAuts
   Orc:1: 1535 daAuts
Spider:1: 1258 daAuts
    D:15: 1228 daAuts
     D:5: 1213 daAuts
